 Dungeon Crawl Stone Soup version bcrawl-1.27.8b (webtiles) character file.

Game seed: 17382054036623354208

137765 KristoblXynda the Slasher (level 4, -1/38 HPs)
             Began as a Draconian Gladiator on Nov 5, 2020.
             Killed from afar by Sigmund (9 damage)
             ... with a puff of flame
             ... on level 2 of the Dungeon.
             The game lasted 00:02:43 (1668 turns).

KristoblXynda the Slasher (Draconian Gladiator)     Turns: 1668, Time: 00:02:43

Health: -1/38      AC:  5    Str: 17    XL:     4   Next: 23%
Magic:  4/4        EV: 13    Int:  9    God:
Gold:   148        SH:  1    Dex: 12    Spells: 3/3 levels left

rFire    . . .     SeeInvis .   a - +0 long sword
rCold    . . .     Gourm    .   (no shield)
rNeg     . . .     Faith    .   (armour unavailable)
rPois    .         Spirit   .   b - +0 hat
rElec    .         Reflect  .   (no cloak)
rCorr    .         Harm     .   (no gloves)
MR       .....                  (no boots)
Stlth    +.........             (no amulet)
HPRegen  0.12/turn              (no ring)
MPRegen  0.09/turn              (no ring)

@: no status effects
A: unfitting armour, cold-blooded, AC +5
a: no special abilities


You were on level 2 of the Dungeon.
You were not hungry.

You visited 1 branch of the dungeon, and saw 2 of its levels.

You collected 148 gold pieces.

Inventory:

Hand Weapons
 a - a +0 long sword (weapon)
Missiles
 c - 3 throwing nets {=f}
Armour
 b - a +0 hat (worn)
Wands
 n - a wand of flame (10)
Scrolls
 f - 2 scrolls of identify
 j - a scroll of blinking {unknown}
 k - a scroll of magic mapping {unknown}
 l - a scroll of remove curse {unknown}
 m - 2 scrolls of teleportation {unknown}
 p - a scroll of fog {unknown}
 r - a scroll of amnesia {unknown}
Potions
 d - a potion of resistance {unknown}
 g - 2 potions of curing {unknown}
 h - 2 potions of mutation {unknown}
 i - a potion of brilliance {unknown}
 o - 2 potions of magic {unknown}
 q - a potion of agility {unknown}
Comestibles
 e - 2 rations {!d}


   Skills:
 + Level 3.1 Fighting
 * Level 4.1 Long Blades
 - Level 2.0 Throwing
 + Level 3.2 Dodging


You had 3 spell levels left.
You didn't know any spells.
Your spell library was empty.

Dungeon Overview and Level Annotations

Branches:
Dungeon (2/12)

Altars:

Annotations:
D:2 Sigmund


Innate Abilities, Weirdness & Mutations

Your plain brown scales are hard. (AC +5)
You cannot fit into any form of body armour.
You are cold-blooded and may be slowed by cold attacks.


Message History

Deactivating autopickup; reactivate with Ctrl-A.
You completely miss something. Something hits you.
You feel less confused. Something hits you.
Evoke which item? (* to show all) (? for menu, Esc to quit)
Aiming: Throw Flame
Press: ? - help, Shift-Dir - straight line You hear some strange, mumbled words.
A puff of flame appears from out of thin air!
The puff of flame misses you.
You slash something! Something hits you but does no damage.
You miss something.
Your tail-slap misses something.
Something hits you!
You barely miss something. You hit something but do no damage.
Something hits you!
* * * LOW HITPOINT WARNING * * *
You hit something.
You hear some strange, mumbled words.
A puff of flame appears from out of thin air!
The puff of flame hits you!
You die...

#.....#.###.........
###.....# #.######..
##.......#.###.######..
........#.#...........
.......#.#.#.######..
#.$.. #.#.#.# #.. #..#
#.#.#.# ####..
#{###.#.#.# #<....
#@.##.#.#.###..#..
##................
#..#.########.#..
##.#.# #.#.. #.#.#
#.#^. #...# #.#..
#######..# #.#.# #...#
#..# #.#.# #...# #..#
#.#..


There were no monsters in sight!

Vanquished Creatures
  Terence (D:2)
  An adder (D:2)
  A worm (D:2)
  2 dart slugs
  A leopard gecko (D:1)
  4 bats
  3 giant cockroaches
  2 goblins (D:1)
  9 hobgoblins
  A quokka (D:2)
  A ball python (D:1)
  2 frilled lizards (D:2)
  6 kobolds
  5 rats (D:1)
39 creatures vanquished.

Notes
Turn   | Place    | Note
-------+----------+-------------------------------------------
     0 | D:1      | KristoblXynda the Draconian Gladiator began the quest for
                  | the Orb.
     0 | D:1      | Reached XP level 1. HP: 17/17 MP: 1/1
   214 | D:1      | Reached XP level 2. HP: 24/25 MP: 2/2
   829 | D:2      | Noticed Sigmund
   843 | D:2      | Noticed Terence
   848 | D:2      | Reached XP level 3. HP: 30/30 MP: 3/3
   853 | D:2      | Killed Terence
  1006 | D:2      | Reached skill level 4 in Long Blades
  1006 | D:2      | Reached XP level 4. HP: 14/38 MP: 4/4
  1668 | D:2      | Killed from afar by Sigmund

Skill      XL: |  1  2  3 |
---------------+----------+-----
Throwing       | 2 |  2.0
Dodging        | 3 |  3.2
Fighting       | 3 |  3.1
Long Blades    | 4 |  4.1

Action                   |  1- 3 |  4- 6 || total
-------------------------+-------+-------++-------
Melee: Long sword        |    71 |    34 ||   105
       Tailslap          |     5 |     2 ||     7
Evoke: Wand              |       |     5 ||     5
 Stab: Sleeping          |       |     1 ||     1
  Eat: Chunk             |     2 |     3 ||     5
Armor: Skin              |    13 |     6 ||    19
Dodge: Dodged            |    39 |    25 ||    64
